 Dungeon Crawl Stone Soup version 0.28-a0-1387-g3a22ab9bdc (webtiles) character file.

Game seed: 11207879225864919962

138885 gimp the Destroyer (level 17, 0/80 HPs)
             Began as a Vine Stalker Wanderer on Jan 3, 2022.
             Was a High Priest of Vehumet.
             Succumbed to a black mamba's poison
             ... on level 4 of the Snake Pit.
             The game lasted 01:38:29 (39766 turns).

gimp the Destroyer (Vine Stalker Wanderer)         Turns: 39766, Time: 01:38:29

Health: 0/80       AC: 15    Str: 21    XL:     17   Next: 27%
Magic:  0/35       EV: 12    Int: 18    God:    Vehumet [*****.]
Gold:   2003       SH: 10    Dex: 13    Spells: 4/42 levels left

rFire   + + .      SeeInvis .   a - +1 quick blade (venom)
rCold   . . .      Faith    .   k - +0 kite shield
rNeg    + . .      Spirit   +   g - +1 leather armour of Hopscotch {rElec rPois rN+ Regen+}
rPois   +          Reflect  .   V - +1 hat
rElec   +          Harm     .   q - +1 cloak
rCorr   .          Rampage  .   D - +2 pair of gloves of Gehenna {rElec rF+ Str+3}
Will    ++...                   c - +0 pair of boots
Stlth   +++.......              z - amulet of regeneration
HPRegen 2.63/turn               t - +4 ring of protection
MPRegen 0.24/turn               E - ring of protection from fire

@: lethally poisoned (0 -> -5)
A: fangs 3, regeneration 1, magic shield, antimagic bite, no potion heal 2
a: Renounce Religion


You were on level 4 of the Snake Pit.
You worshipped Vehumet.
Vehumet was extremely pleased with you.
You visited 5 branches of the dungeon, and saw 28 of its levels.
You also visited: Sewer and Volcano.

You collected 2931 gold pieces.
You spent 928 gold pieces at shops.

Inventory:

Hand Weapons
 a - a +1 quick blade of venom (weapon)
Missiles
 v - 3 throwing nets (quivered)
 Q - 93 poisoned darts
Armour
 c - a +0 pair of boots (worn)
 g - the +1 leather armour of Hopscotch (worn) {rElec rPois rN+ Regen+}
   (You found it on level 4 of the Dungeon)

   rElec:     It insulates you from electricity.
   rPois:     It protects you from poison.
   rN:        It protects you from negative energy.
   Regen:     It increases your rate of health regeneration.
 k - a +0 kite shield (worn)
 q - a +1 cloak (worn)
 D - the +2 pair of gloves of Gehenna (worn) {rElec rF+ Str+3}
   (You found it on level 2 of the Snake Pit)

   Str:       It affects your strength (+3).
   rF:        It protects you from fire.
   rElec:     It insulates you from electricity.
 V - a +1 hat (worn)
Magical Staves
 b - a staff of poison
 U - a staff of cold
Jewellery
 n - a ring of see invisible
 t - a +4 ring of protection (left hand)
 z - an amulet of regeneration (around neck)
 E - a ring of protection from fire (right hand)
 H - a ring of fire
 L - a ring of ice
 N - a ring of positive energy
 Y - a +4 ring of evasion
Wands
 d - a wand of paralysis (8)
 s - a wand of polymorph (9)
 y - a wand of flame (28)
 A - a wand of iceblast (12)
 R - a wand of mindburst (8)
 W - a wand of acid (9)
Scrolls
 f - 3 scrolls of brand weapon
 m - 2 scrolls of vulnerability
 p - 2 scrolls of magic mapping
 r - 4 scrolls of fog
 u - a scroll of holy word
 w - 2 scrolls of summoning
 F - 4 scrolls of amnesia
 G - 5 scrolls of teleportation
 I - a scroll of blinking
 O - 4 scrolls of enchant armour
 T - 3 scrolls of fear
 Z - 3 scrolls of identify
Potions
 e - 3 potions of might
 i - 10 potions of curing
 j - 6 potions of brilliance
 l - 4 potions of invisibility
 o - 2 potions of flight
 B - 5 potions of cancellation
 C - 3 potions of mutation
 J - 2 potions of resistance
 K - 2 potions of haste
 P - 7 potions of ambrosia
 X - 2 potions of magic
Miscellaneous
 h - a phantom mirror
 x - a lightning rod (4/4)
 S - a condenser vane (inert)


   Skills:
 - Level 5.0 Fighting
 - Level 10.0 Short Blades
 - Level 3.6 Throwing
 - Level 6.0 Dodging
 - Level 6.0 Stealth
 * Level 8.2 Shields
 + Level 13.2 Spellcasting
 + Level 14.5 Conjurations
 - Level 3.0 Transmutations
 - Level 6.3 Fire Magic
 - Level 3.0 Air Magic
 - Level 6.0 Earth Magic
 - Level 10.0 Poison Magic
 - Level 10.0 Evocations


You had 4 spell levels left.
You knew the following spells:

 Your Spells              Type           Power      Damage    Failure   Level
a - Stone Arrow           Conj/Erth      96%        3d13      1%          3
b - Mephitic Cloud        Conj/Pois/Air  44%        N/A       1%          3
c - Olgreb's Toxic Radia  Pois           47%        N/A       1%          4
d - Ignite Poison         Fire/Tmut/Pois 35%        N/A       1%          3
e - Sticky Flame          Conj/Fire      49%        2d7       1%          4
f - Flame Wave            Conj/Fire      49%        2d8       1%          4
g - Sting                 Tmut/Pois      100%       1d8       1%          1
h - Irradiate             Conj/Tmut      21%        3d20      3%          5
i - Apportation           Tloc           22%        N/A       16%         1
j - Iskenderun's Mystic   Conj/Tloc      38%        2d9       2%          4
k - Conjure Ball Lightni  Conj/Air       21%        3x3d6     17%         6

Your spell library contained the following spells:

 Spells                   Type           Power      Damage    Failure   Level
 Fireball                 Conj/Fire      24%        3d11      1%          5
 Foxfire                  Conj/Fire      100%       2x1d9     1%          1
 Magic Dart               Conj           100%       1d8       1%          1
 Sandblast                Erth           66%        2d15      1%          1
 Conjure Flame            Conj/Fire      49%        6-21      1%          3
 Passwall                 Tmut/Erth      23%        N/A       3%          2
 Spider Form              Tmut/Pois      35%        N/A       3%          3
 Frozen Ramparts          Ice            22%        1d4       13%         3
 Animate Skeleton         Necr           22%        N/A       16%         1
 Summon Small Mammal      Summ           44%        N/A       16%         1
 Call Imp                 Summ           11%        N/A       24%         2
 Ensorcelled Hibernation  Hex/Ice        22%        N/A       24%         2
 Petrify                  Tmut/Erth      28%        N/A       26%         4
 Gell's Gravitas          Tloc           11%        N/A       43%         3
 Portal Projectile        Hex/Tloc       22%        N/A       43%         3
 Teleport Other           Tloc           11%        N/A       43%         3
 Tukima's Dance           Hex            11%        N/A       43%         3
 Ice Form                 Ice/Tmut       17%        N/A       65%         4
 Summon Ice Beast         Ice/Summ       11%        N/A       85%         4
 Alistair's Intoxication  Tmut/Pois      23%        N/A       30%         5
 Blade Hands              Tmut           11%        N/A       78%         5
 Statue Form              Tmut/Erth      18%        N/A       98%         6
 Excruciating Wounds      Necr           5%         N/A       99%         5
 Metabolic Englaciation   Hex/Ice        5%         N/A       99%         5
 Summon Forest            Summ/Tloc      5%         N/A       99%         5
 Summon Mana Viper        Hex/Summ       11%        N/A       99%         5
 Dispersal                Tloc           5%         N/A       100%        6
 Summon Cactus Giant      Summ           5%         N/A       100%        6
 Dragon Form              Tmut           11%        N/A       100%        7
 Enfeeble                 Hex            5%         N/A       100%        7


Dungeon Overview and Level Annotations

Branches:
Dungeon (15/15)            Temple (1/1) D:6            Lair (6/6) D:10
  Snake (4/4) Lair:3       Spider (0/4) Lair:2        Slime (0/5) Lair:6
    Orc (2/2) D:12            Elf (0/3) Orc:2        Vaults (0/5) D:13
 Depths (0/4) D:15          Sewer (visited)         Volcano (visited)

Altars:
Ashenzari
Cheibriados
Dithmenos
Elyvilon
Fedhas
Gozag
Hepliaklqana
Kikubaaqudgha
Makhleb
Nemelex Xobeh
Okawaru
Qazlal
Ru
Sif Muna
Trog
Uskayaw
Vehumet
Wu Jian
Xom
Yredelemnul
Zin
The Shining One
Beogh
Jiyva

Shops:
D:1 *   D:2 *   D:9 =   Orc:2 :[::   Snake:2 *

Portals:
Trove: D:13 (give horn of Geryon)

Annotations:
D:3 1 transporter, Grinder; HallandMoats's ghost, novice DsFi
Lair:4 exclusion: 3 oklob plants


Innate Abilities, Weirdness & Mutations

You have razor-sharp teeth.
Your natural rate of healing is unusually fast.
When hurt, damage is shared between your health and your magic reserves.
Your bite disrupts and absorbs the magic of your enemies.
Potions cannot restore your health.


Message History

Clouds of poison gas condense around you!
The condenser dries out!
You feel sick.
You are no longer poisoned.
You block the black mamba's attack. The naga warrior spits poison at you.
The splash of poison hits you.
You are poisoned.
You resist.
The naga ritualist prays to its god.
The naga ritualist begins to radiate toxic energy.
The naga spits poison at you.
The splash of poison hits you but does no damage.
You resist. The black mamba barely misses you.
The salamander is engulfed in poison gas.
The salamander is poisoned.
The salamander hits you with a +3 halberd of flaming!
You are engulfed in flames.
You resist. The salamander burns you. The naga closely misses you.
You block the naga's attack.
You take 16 damage, and have 63/80 hp.
You now have 3/35 mp.
You feel sick. The black mamba bites you!
You are more poisoned.
The black mamba poisons you!
The naga warrior hits you from afar with a +0 glaive!!
The naga ritualist hits you with a +0 mace!
You block the naga ritualist's attack. The naga hits you with a +0 glaive!
* * * LOW HITPOINT WARNING * * *
The naga grabs you. The naga constricts you.
* * * LOW HITPOINT WARNING * * *
The naga hits you with a +0 glaive!
* * * LOW HITPOINT WARNING * * *
The salamander is engulfed in poison gas.
The salamander looks even sicker.
The salamander hits you but does no damage.
The black mamba bites you but does no damage.
You take 61 damage, and have 2/80 hp.
MASSIVE DAMAGE!!
You now have 0/35 mp.
Blink to where?
Press: ? - help, Dir - move target, p - salamander You escape the naga's grasp.
As you read the scroll of blinking, it crumbles to dust.
You die...

#.....###......######
#......##............
#..<...###...........
#.......###....§§§...
#........###...§§....
#.......§##§§..§§...
#.......§N§NS.......
##......§N.N§.######
##@....§S§N§.#
##....§§§§§.#
###............
###....#.....
##...####### ##..#
##.. ##.


You could see a naga warrior (catching breath), a black mamba and a naga.

Vanquished Creatures
  3 nagarajas (Snake:2)
  A stone giant (D:14)
  A fire dragon (D:15)
  An ice dragon (D:14)
  Fannar (D:12)
  Harold (D:11)
  2 ogre magi
  8 naga warriors
  18 two-headed ogres
  3 boulder beetles
  3 centaur warriors (D:13)
  2 catoblepae
  11 hydras
  An alligator (Lair:6)
  2 tengu warriors (D:14)
  A deep troll shaman (Lair:6)
  19 death yaks
  6 shock serpents
  9 naga sharpshooters
  A fire crab (Lair:6)
  A salamander mystic (Snake:2)
  4 naga ritualists (Snake:2)
  3 lindwurms
  11 orc knights
  6 mana vipers
  8 orc sorcerers
  A deep elf pyromancer (D:14)
  2 cyclopes
  2 wolf spiders
  4 manticores
  5 elephants (Lair:6)
  16 salamanders
  Maurice (D:8)
  3 guardian serpents
  2 toenail golems (Volcano)
  27 black mambas
  3 torpor snails (Lair:6)
  14 cane toads
  3 molten gargoyles (Volcano)
  10 naga magi
  A tengu conjurer (D:14)
  2 efreet
  A kobold demonologist (D:12)
  A freezing wraith (D:14)
  3 komodo dragons
  3 yaktaurs (D:13)
  3 rime drakes
  7 trolls
  2 polar bears
  18 blink frogs
  9 slime creatures
  4 shadows
  5 wraiths
  50 yaks
  A vampire (D:9)
  5 wyverns
  5 basilisks
  Eustachio (D:6)
  2 fire elementals (Volcano)
  6 vampire mosquitoes
  6 wargs (Orc:2)
  Edmund (D:5)
  26 nagas
  Duvessa (D:7)
  20 water moccasins
  20 orc warriors
  Pargi (Sewer)
  3 black bears (Lair:6)
  A sky beast (D:6)
  15 wolves
  10 ogres
  15 centaurs
  2 kobold brigands
  16 bullfrogs
  A gnoll sergeant (D:5)
  A wyvern zombie (D:8)
  4 scorpions
  An earth elemental (Volcano)
  Dowan (D:7)
  11 killer bees
  12 wights
  An electric eel (Lair:4)
  2 howler monkeys (D:10)
  A bullfrog zombie (D:6)
  5 centaur zombies
  10 orc priests
  3 hounds
  A jelly (D:4)
  A centaur skeleton (D:6)
  A bullfrog skeleton (D:5)
  3 gnoll shamans
  5 iguanas
  Natasha (D:3)
  36 orc wizards
  7 hell rats (Lair:5)
  A howler monkey zombie (D:9)
  17 gnolls
  6 adders
  A howler monkey skeleton (D:7)
  A white imp (D:8)
  An adder skeleton (D:4)
  2 worms
  A dart slug (D:2)
  76 orcs
  8 endoplasms
  9 giant cockroaches
  7 goblins
  5 hobgoblins
  10 jackals
  18 kobolds
  6 quokkas (D:4)
  11 ball pythons
  6 bats
  5 frilled lizards
  7 rats
792 creatures vanquished.

Vanquished Creatures (collateral kills)
  An orc priest (D:4)
  An orc (D:4)
2 creatures vanquished.

Vanquished Creatures (others)
  A fire vortex (Volcano)
  14 fungi
  43 plants
58 creatures vanquished.

Grand Total: 852 creatures vanquished

Notes
Turn   | Place    | Note
-------+----------+-------------------------------------------
     0 | D:1      | gimp the Vine Stalker Wanderer began the quest for the Orb.
     0 | D:1      | gimp set off with the following items: a +0 dagger, 8
                  | boomerangs, a +0 leather armour; and the following spells
                  | available to memorise: Sting, Foxfire, Ignite Poison,
                  | Mephitic Cloud, Olgreb's Toxic Radiance
     0 | D:1      | Reached XP level 1. HP: 9/9 MP: 3/3
   139 | D:1      | Reached XP level 2. HP: 13/13 MP: 3/5
   165 | D:1      | Learned a level 1 spell: Sting
   404 | D:1      | Found a faded altar of an unknown god.
   722 | D:1      | Reached XP level 3. HP: 12/16 MP: 4/7
   964 | D:1      | Found Paterph's Assorted Antiques.
  1364 | D:2      | Found Tifov's General Store.
  1460 | D:2      | Reached skill level 1 in Transmutations
  1818 | D:2      | Gained mutation: Your natural rate of healing is unusually
                  | fast. [Vine Stalker growth]
  1818 | D:2      | Reached XP level 4. HP: 16/21 MP: 3/8
  2745 | D:3      | Found a transporter.
  2771 | D:3      | Noticed HallandMoats's ghost (novice DsFi)
  2947 | D:3      | Noticed Natasha
  2964 | D:3      | Killed Natasha
  2965 | D:3      | Reached XP level 5. HP: 17/24 MP: 5/10
  2976 | D:3      | Noticed Grinder
  3002 | D:4      | Found a glowing drain.
  3116 | Sewer    | Entered a sewer
  3192 | Sewer    | Noticed Pargi
  3233 | Sewer    | Killed Pargi
  3234 | Sewer    | Reached XP level 6. HP: 23/28 MP: 1/12
  3492 | D:3      | Paralysed by Grinder for 3 turns
  3960 | D:4      | Found a white marble altar of Elyvilon.
  3972 | D:4      | Reached XP level 7. HP: 24/32 MP: 4/14
  3999 | D:4      | Reached skill level 5 in Poison Magic
  4187 | D:4      | Reached skill level 5 in Spellcasting
  4449 | D:4      | Identified the +1 leather armour of Hopscotch {rElec rPois
                  | rN+ Regen+}
  4662 | D:4      | Learned a level 3 spell: Mephitic Cloud
  5266 | D:5      | Entered Level 5 of the Dungeon
  5340 | D:5      | Reached skill level 1 in Short Blades
  5340 | D:5      | Reached skill level 1 in Conjurations
  5400 | D:5      | Gained mutation: You have razor-sharp teeth. [Vine Stalker
                  | growth]
  5400 | D:5      | Reached XP level 8. HP: 36/36 MP: 15/16
  5592 | D:5      | Reached skill level 2 in Conjurations
  5628 | D:5      | Found a snail-covered altar of Cheibriados.
  5895 | D:6      | Noticed Edmund
  6125 | D:5      | Killed Edmund
  6126 | D:5      | Reached skill level 1 in Shields
  6263 | D:6      | Reached skill level 3 in Conjurations
  6650 | D:6      | Noticed Eustachio
  6669 | D:6      | Killed Eustachio
  6807 | D:6      | Found a staircase to the Ecumenical Temple.
  6907 | Temple   | Entered the Ecumenical Temple
  7132 | Temple   | Became a worshipper of Vehumet
  7351 | D:6      | Noticed a cyclops
  7382 | D:7      | Reached XP level 9. HP: 39/39 MP: 17/17
  7799 | D:7      | Noticed Duvessa
  7806 | D:7      | Noticed Dowan
  7826 | D:7      | Killed Duvessa
  7834 | D:7      | Killed Dowan
  8631 | D:8      | Noticed Maurice
  8805 | D:8      | Reached * piety under Vehumet
  8805 | D:8      | Offered knowledge of Freeze by Vehumet.
  8930 | D:8      | Learned a level 4 spell: Olgreb's Toxic Radiance
  9046 | D:8      | Reached skill level 1 in Stealth
  9585 | D:8      | Killed Maurice
  9660 | D:8      | Reached XP level 10. HP: 41/44 MP: 18/18
 10052 | D:9      | Noticed a two-headed ogre
 10300 | D:8      | Reached skill level 10 in Poison Magic
 10687 | D:9      | Killed a two-headed ogre
 10688 | D:9      | Reached skill level 5 in Stealth
 10817 | D:9      | Reached skill level 5 in Short Blades
 10880 | D:9      | Learned a level 3 spell: Ignite Poison
 10881 | D:9      | Found Axkaedor's Jewellery Shop.
 11070 | D:9      | Reached skill level 1 in Air Magic
 11154 | D:9      | Offered knowledge of Poisonous Vapours by Vehumet.
 11269 | D:9      | Reached ** piety under Vehumet
 11368 | D:10     | Entered Level 10 of the Dungeon
 11418 | D:10     | Noticed a two-headed ogre
 11670 | D:10     | Reached XP level 11. HP: 46/47 MP: 22/22
 11871 | D:10     | Found a staircase to the Lair.
 12208 | D:10     | Identified the +4 hand crossbow of the Butterfly {speed,
                  | rF+ Dex+4}
 12220 | D:10     | Noticed a two-headed ogre
 12232 | D:10     | Killed a two-headed ogre
 12378 | D:10     | Killed a two-headed ogre
 12378 | D:10     | Offered knowledge of Conjure Flame by Vehumet.
 12417 | D:10     | Learned a level 4 spell: Sticky Flame
 12861 | D:11     | Reached *** piety under Vehumet
 13061 | D:11     | Noticed a boulder beetle
 13061 | D:11     | Noticed a manticore
 13094 | D:11     | Noticed Harold
 13133 | D:11     | Killed Harold
 13133 | D:11     | Noticed a boulder beetle
 13134 | D:11     | Reached skill level 4 in Conjurations
 13142 | D:11     | Killed a manticore
 13142 | D:11     | Killed a boulder beetle
 13262 | D:11     | Killed a boulder beetle
 13263 | D:11     | Reached skill level 5 in Conjurations
 13999 | D:12     | Noticed a two-headed ogre
 14016 | D:12     | Killed a two-headed ogre
 14017 | D:12     | Reached XP level 12. HP: 51/51 MP: 26/26
 14104 | D:12     | Noticed Fannar
 14111 | D:12     | Killed Fannar
 14111 | D:12     | Offered knowledge of Flame Wave by Vehumet.
 14120 | D:12     | Noticed a two-headed ogre
 14268 | D:12     | Killed a two-headed ogre
 14452 | D:12     | Reached skill level 6 in Conjurations
 14618 | D:12     | Found a staircase to the Orcish Mines.
 14619 | D:12     | You fall into a shaft and drop 2 floors!
 14634 | D:14     | Noticed a two-headed ogre
 14713 | D:14     | Noticed a boulder beetle
 14820 | D:14     | Killed a boulder beetle
 14943 | D:14     | Noticed a tengu warrior
 14951 | D:14     | Killed a tengu warrior
 15218 | D:12     | Found a shadowy altar of Dithmenos.
 15255 | D:12     | Noticed a two-headed ogre
 15262 | D:12     | Killed a two-headed ogre
 15263 | D:12     | Reached skill level 10 in Spellcasting
 15475 | D:12     | Learned a level 4 spell: Flame Wave
 15564 | Lair:1   | Entered Level 1 of the Lair of Beasts
 15687 | Orc:1    | Entered Level 1 of the Orcish Mines
 15952 | Orc:1    | Reached **** piety under Vehumet
 15955 | Orc:1    | Reached skill level 5 in Fire Magic
 15956 | Orc:1    | Offered knowledge of Stone Arrow by Vehumet.
 15958 | Orc:1    | Reached skill level 10 in Short Blades
 15958 | Orc:1    | Reached XP level 13. HP: 55/55 MP: 28/28
 15968 | Orc:1    | Learned a level 3 spell: Stone Arrow
 16093 | Orc:2    | Entered Level 2 of the Orcish Mines
 16103 | Orc:2    | Reached skill level 1 in Earth Magic
 17394 | Orc:2    | Found Giorief's Book Shop.
 17394 | Orc:2    | Found Molebe's Armour Shoppe.
 17596 | Orc:2    | Reached ***** piety under Vehumet
 17596 | Orc:2    | Offered knowledge of Hailstorm by Vehumet.
 17619 | Orc:2    | Found Forob's Book Shoppe.
 17619 | Orc:2    | Found Keddypn's Book Shop.
 17627 | Orc:2    | Reached skill level 5 in Earth Magic
 17755 | Orc:2    | Bought a book of Transfigurations for 520 gold pieces
 17761 | Orc:2    | Learned a level 5 spell: Irradiate
 17799 | Orc:2    | Bought a book of Cantrips for 156 gold pieces
 17802 | Orc:2    | Learned a level 1 spell: Apportation
 17847 | Orc:2    | Reached skill level 5 in Evocations
 18071 | Orc:2    | Found a staircase to the Elven Halls.
 18512 | Lair:1   | Reached skill level 7 in Conjurations
 19221 | Lair:1   | Reached skill level 1 in Fighting
 20596 | Lair:2   | Found a hole to the Spider Nest.
 20603 | Lair:2   | Offered knowledge of Iskenderun's Mystic Blast by Vehumet.
 20609 | Lair:2   | Learned a level 4 spell: Iskenderun's Mystic Blast
 20991 | Lair:2   | Reached skill level 8 in Conjurations
 21441 | Lair:3   | Reached XP level 14. HP: 55/65 MP: 17/29
 22114 | Lair:3   | Found a staircase to the Snake Pit.
 23930 | Lair:4   | Reached skill level 9 in Conjurations
 24162 | Lair:5   | Found a dark tunnel.
 24229 | Volcano  | Entered a volcano
 24520 | Volcano  | Reached skill level 5 in Fighting
 25149 | Lair:5   | Reached skill level 10 in Conjurations
 25803 | Lair:6   | Entered Level 6 of the Lair of Beasts
 25815 | Lair:6   | Offered knowledge of Lee's Rapid Deconstruction by Vehumet.
 25874 | Lair:6   | Found a viscous altar of Jiyva.
 25874 | Lair:6   | Found a staircase to the Slime Pits.
 26034 | Lair:6   | Found the +8 longbow "Zephyr" {speed, Dex+3 SInv}
 26072 | Lair:6   | Reached XP level 15. HP: 52/72 MP: 6/30
 26076 | Lair:6   | Reached skill level 11 in Conjurations
 26557 | Lair:6   | Reached skill level 10 in Evocations
 27222 | Lair:6   | Reached skill level 12 in Conjurations
 27457 | Lair:6   | Offered knowledge of Iskenderun's Battlesphere by Vehumet.
 28409 | D:13     | Found a portal to a secret trove of treasure.
 29023 | D:13     | Found a gate to the Vaults.
 29533 | D:14     | Found the +6 shillelagh "Devastator" {shatter}
 29720 | D:14     | HP: 1/72 [stone giant/large rock (25)]
 30125 | D:14     | Found a hazy altar of Hepliaklqana.
 30642 | D:15     | Entered Level 15 of the Dungeon
 30692 | D:15     | Reached XP level 16. HP: 73/76 MP: 22/32
 30701 | D:15     | Reached skill level 5 in Dodging
 30701 | D:15     | Reached skill level 13 in Conjurations
 31605 | D:15     | Offered knowledge of Conjure Ball Lightning by Vehumet.
 31614 | D:15     | Learned a level 6 spell: Conjure Ball Lightning
 31762 | D:15     | Found a staircase to the Depths.
 32304 | Snake:1  | Entered Level 1 of the Snake Pit
 33401 | Snake:1  | Found a hazy altar of Hepliaklqana.
 34792 | Snake:2  | Noticed a nagaraja
 34799 | Snake:2  | Noticed a nagaraja
 34956 | Snake:2  | Reached skill level 5 in Shields
 35388 | Snake:2  | Identified the +2 pair of gloves of Gehenna {rElec rF+
                  | Str+3}
 35507 | Snake:2  | Found Nookk's General Store.
 35523 | Snake:2  | Killed a nagaraja
 36184 | Snake:2  | Killed a nagaraja
 36390 | Snake:2  | Reached skill level 14 in Conjurations
 37294 | Snake:2  | Reached XP level 17. HP: 60/80 MP: 11/34
 37426 | Snake:2  | Offered knowledge of Fireball by Vehumet.
 38736 | Snake:2  | Bought a scroll of blinking for 135 gold pieces
 38736 | Snake:2  | Bought a potion of curing for 54 gold pieces
 38736 | Snake:2  | Bought a scroll of fear for 63 gold pieces
 39716 | Snake:4  | Entered Level 4 of the Snake Pit
 39765 | Snake:4  | HP: 2/80 [naga (11)]
 39766 | Snake:4  | Succumbed to a black mamba's poison

Illustrated notes

Levels and vault maps discovered:
D:1:      kennysheep_arrival_forest, layout_basic, serial_shops,
          nicolae_shop_behind_doors, nicolae_ecumenical_lake_church,
          minmay_misc_feat_doors
D:2:      layout_loops_ring, serial_shops, shop, minmay_tripent
D:3:      cheibrodos_pilgrimage, layout_loops_ring, gammafunk_ghost_stat_death,
          hangedman_decor_opposing, minmay_misc_feat_rugged, uniq_natasha,
          uniq_jessica, uniq_grinder
D:4:      layout_loops_corners, portal_sewer_entry_f, minmay_ruined_shrine
D:5:      layout_rooms, slow_altar_1
D:6:      layout_loops_ring, minmay_temple_entry_poolview, kb_rosetta,
          uniq_edmund, uniq_eustachio
D:7:      layout_loops_ring, uniq_duvessa
D:8:      layout_basic, st_stairs_4, uniq_maurice
D:9:      layout_cross, serial_shops, kennysheep_mini
D:10:     layout_irregular_city, lair_entry_dummy
D:11:     layout_rooms, serial_co_window_serial, co_window_corner_a,
          co_window_paths_b, co_window_paths_a, co_window_paths_b,
          co_window_paths_a, co_window_corner_a, co_window_2corner,
          co_window_broadway_b, co_window_2corner, co_window_paths_e,
          minmay_between, uniq_harold
D:12:     layout_basic, orc_0_dummy, minivault_19, grunt_dithmenos_shadows,
          uniq_fannar
D:13:     layout_rooms, hangedman_vaults_entry_quadrant_bands, enter_trove_0
D:14:     minmay_roctagon, layout_long_grid, nicolae_hepliaklqana_hazy_memory,
          grunt_ministairs_6
D:15:     grunt_enter_depths_hoard, layout_long_grid
Temple:   mainiacjoe_temple_archimedes_tessellation
Lair:1:   layout_layer_cave, columned_hall_lemuel, st_stairs_7,
          nicolae_lair_run_with_the_wolves
Lair:2:   layout_concentric_octagons, spider_nest_entry_rubble,
          grunt_megastairs_2, serial_bayou_shore_b
Lair:3:   layout_regular_city, dummy_snake_entry
Lair:4:   layout_cave_pods, lookout_lair_type, dpeg_oklob_1,
          serial_bayou_shore_a
Lair:5:   layout_hall_layers, nicolae_volcano_entry_vermiform
Lair:6:   grunt_lair_end_beastmaster, layout_hall_layers, slime_altar_1,
          chequers_serial_rivers_room_a, nicolae_lair_lakeside_cave,
          infiniplex_staircase_pool
Snake:1:  layout_gridlike, basic_altar, nicolae_snake_slithery_hallway,
          grunt_megastairs_1
Snake:2:  layout_basic, grunt_ministairs_11, nicolae_take_the_stairs,
          st_stairs_4
Snake:3:  layout_gridlike
Snake:4:  grunt_snake_rune_spirals, layout_onion, minmay_shop_grove
Orc:1:    layout_caves, special_room [special_room_orc]
Orc:2:    st_orc_town, layout_caves

Skill      XL: |  1  2  3  4  5  6  7  8  9 10 11 12 13 14 15 16 17 |
---------------+----------------------------------------------------+-----
Spellcasting   | 2 3 4 5 6 9 10 11 12 13 | 13.2
Transmutations | 1 2 3 |  3.0
Poison Magic   | 3 4 5 7 9 10 | 10.0
Short Blades   | 1 2 3 6 8 10 | 10.0
Conjurations   | 1 3 5 6 8 10 12 14 | 14.5
Shields        | 3 4 7 8 |  8.2
Stealth        | 3 6 |  6.0
Air Magic      | 3 |  3.0
Fire Magic     | 3 6 |  6.3
Evocations     | 3 6 9 10 | 10.0
Earth Magic    | 6 |  6.0
Fighting       | 3 5 |  5.0
Dodging        | 4 6 |  6.0
Throwing       | |  3.6

Action                   |  1- 3 |  4- 6 |  7- 9 | 10-12 | 13-15 | 16-18 || total
-------------------------+-------+-------+-------+-------+-------+-------++-------
Melee: Dagger            |    63 |    26 |   182 |   112 |     5 |       ||   388
       Bite              |    12 |     9 |    80 |    45 |    55 |    48 ||   249
       Staff             |       |       |       |    15 |    34 |     3 ||    52
       Quick blade       |       |       |       |       |    97 |   118 ||   215
Throw: Boomerang         |       |     7 |     2 |       |       |       ||     9
       Throwing net      |       |       |     1 |       |       |       ||     1
 Cast: Sting             |    60 |   111 |   227 |   188 |    61 |       ||   647
       Mephitic Cloud    |       |       |     4 |    26 |     7 |       ||    37
       Olgreb's Toxic Ra |       |       |       |    48 |   130 |     4 ||   182
       Ignite Poison     |       |       |       |    36 |    53 |     2 ||    91
       Sticky Flame      |       |       |       |     1 |       |       ||     1
       Stone Arrow       |       |       |       |       |   315 |   330 ||   645
       Irradiate         |       |       |       |       |    41 |    57 ||    98
       Flame Wave        |       |       |       |       |     3 |       ||     3
       Apportation       |       |       |       |       |     7 |       ||     7
       Iskenderun's Myst |       |       |       |       |     1 |       ||     1
Evoke: Wand              |       |       |    21 |     9 |     2 |     1 ||    33
       Condenser vane    |       |       |       |       |     1 |     2 ||     3
  Use: Scroll            |       |     8 |     7 |     8 |    11 |     2 ||    36
       Potion            |       |       |       |     1 |       |       ||     1
 Stab: Sleeping          |     1 |       |     1 |     1 |     1 |       ||     4
       Paralysed         |       |       |    10 |       |       |     1 ||    11
       Petrified         |       |       |       |       |     3 |       ||     3
Armor: Leather armour    |    31 |    21 |    69 |   124 |   149 |    95 ||   489
Dodge: Dodged            |    65 |    53 |   142 |   134 |   209 |   154 ||   757
Block: Buckler           |       |       |    28 |    76 |   107 |    25 ||   236
       Kite shield       |       |       |       |       |       |   103 ||   103

Table legend: (Time is in decaauts)
 A = Elapsed time spent in this place.
 B = Non-inter-level travel time spent in this place.
 C = Inter-level travel time spent in this place.
 D = Time resting spent in this place.
 E = Time spent auto-exploring this place.
 F = Levels seen in this place.
 G = Mean time per level.
                   A        B        C        D        E       F      G
               +--------+--------+--------+--------+--------+-----+--------+
         Total |  39669 |  37546 |   2123 |   4106 |  26211 |  30 | 1322.3 |
       Dungeon |  19281 |  18220 |   1061 |   1688 |  12636 |  15 | 1285.4 |
        Temple |    234 |    226 |      8 |      0 |    199 |   1 |  234.0 |
          Lair |   9429 |   8994 |    435 |    611 |   7099 |   6 | 1571.5 |
     Snake Pit |   7168 |   6674 |    494 |   1245 |   4210 |   4 | 1792.0 |
  Orcish Mines |   2661 |   2538 |    123 |    256 |   1715 |   2 | 1330.5 |
         Sewer |    334 |    334 |      0 |      0 |    242 |   1 |  334.0 |
       Volcano |    559 |    559 |      0 |    305 |    109 |   1 |  559.0 |
               +--------+--------+--------+--------+--------+-----+--------+

Top non-repeatable levels by time:
 Snake:1: 2923 daAuts
 Snake:2: 2656 daAuts
  Lair:6: 2159 daAuts
     D:8: 2157 daAuts
  Lair:4: 1983 daAuts
     D:4: 1934 daAuts
    D:14: 1852 daAuts
   Orc:2: 1719 daAuts
  Lair:1: 1655 daAuts
    D:12: 1547 daAuts
 Snake:3: 1539 daAuts
    D:13: 1514 daAuts
  Lair:3: 1449 daAuts
    D:10: 1401 daAuts
     D:2: 1376 daAuts
